 Dungeon Crawl Stone Soup version 0.16.2-3-ga078185 (webtiles) character file.

56 gorblad the Ruffian (level 3, -4/30 HPs)
             Began as a Ghoul Gladiator on Sept 8, 2015.
             Slain by an orc
             ... wielding a +0 hand axe
              (7 damage)
             ... on level 3 of the Dungeon.
             The game lasted 00:05:08 (1611 turns).

gorblad the Ruffian (Ghoul Gladiator)               Turns: 1611, Time: 00:05:08

Health: -4/30      AC:  4    Str: 18    XL:     3   Next: 95%
Magic:  3/3        EV: 12    Int:  3    God:
Gold:   87         SH:  0    Dex: 10    Spells: 0 memorised, 2 levels left

rFire  . . .     SeeInvis .       - Unarmed
rCold  + . .     Clarity  +     b - +0 leather armour
rNeg   + + +     SustAb   .     (no shield)
rPois  ∞         Gourm    .     c - +0 helmet
rElec  .         Spirit   .     (no cloak)
rCorr  .         Warding  .     (no gloves)
rMut   .         Stasis   .     (no boots)
MR     .....                    a - amulet of clarity
Stlth  +.........               (no ring)
                                (no ring)

@: rotting, not resistant to hostile enchantments, very unstealthy
A: rotting body, claws 1, carnivore 3, cold resistance 1, negative energy
resistance 3, poison resistance, slow healing 1, torment resistance, unbreathing
a: no special abilities


You were on level 3 of the Dungeon.
You were not hungry.

You visited 1 branch of the dungeon, and saw 3 of its levels.

You collected 87 gold pieces.

Inventory:

Missiles
 d - 3 throwing nets (quivered)
Armour
 b - a +0 leather armour (worn)
 c - a +0 helmet (worn)
Jewellery
 a - an amulet of clarity (around neck)
 p - an uncursed ring of poison resistance {unknown}
Scrolls
 e - a scroll of enchant armour {unknown}
 f - a scroll of amnesia {unknown}
 h - a scroll of identify {unknown}
 j - a scroll of magic mapping {unknown}
 k - a scroll of immolation {unknown}
 l - a scroll of noise {unknown}
 m - 3 scrolls of fog {unknown}
 q - a scroll of teleportation {unknown}
 r - a scroll of remove curse {unknown}
 s - a scroll of recharging {unknown}
Potions
 g - a potion of flight {unknown}
 i - a potion of haste {unknown}
 n - 2 potions of restore abilities {unknown}
Comestibles
 o - 6 chunks of flesh
 t - a slice of pizza


   Skills:
 + Level 2.5 Fighting
 + Level 1.9 Throwing
 + Level 1.3 Armour
 + Level 3.2 Dodging
 + Level 0.2 Stealth
 + Level 3.7 Unarmed Combat


You had 2 spell levels left.
You didn't know any spells.

Dungeon Overview and Level Annotations

Branches:
Dungeon (3/15)

Altars:


Innate Abilities, Weirdness & Mutations

Your body is rotting away.
You thrive on raw meat.
You have sharp fingernails.
You are carnivorous and can eat meat at any time.
Your flesh is cold resistant.
You are immune to negative energy.
Your system is resistant to poisons.
You heal slowly when monsters are visible.
You are immune to unholy pain and torment.
You can survive without breathing.


Message History

You scratch the worm.
The worm is severely wounded.
You scratch the worm.
The worm is severely wounded.
The worm bites you.
You scratch the worm.
The worm is severely wounded.
The orc closely misses you.
A kobold comes into view. It is wielding a short sword.
You scratch the worm.
The worm is almost dead.
The worm bites you!
* * * LOW HITPOINT WARNING * * *
You are too injured to fight recklessly!
You are too injured to fight recklessly!
You are too injured to fight recklessly!
You scratch the worm.
The worm is almost dead.
The orc hits you with a hand axe!
You die...

#.#..# #.. #.#..#
#..
#<#..#######.#
#.#...........
#.#.########.#
#.#.# #.#.#####
#.#.....####.#
#......@.wo..#
#######.o...o.K..
##########


You could see a worm, 3 orcs and a kobold.

Vanquished Creatures
  An adder (D:2)
  A worm (D:2)
  A giant gecko (D:2)
  An ooze (D:3)
  2 giant cockroaches
  2 goblins (D:2)
  4 hobgoblins
  A jackal (D:2)
  3 quokkas (D:2)
  8 bats
  2 giant newts
  6 kobolds
  4 rats
36 creatures vanquished.

Notes
Turn   | Place    | Note
--------------------------------------------------------------
     0 | D:1      | gorblad, the Ghoul Gladiator, began the quest for the Orb.
     0 | D:1      | Reached XP level 1. HP: 17/17 MP: 1/1
   507 | D:1      | Reached XP level 2. HP: 22/24 MP: 2/2
  1015 | D:2      | Reached XP level 3. HP: 18/29 MP: 3/3
  1118 | D:2      | Reached skill level 1 in Armour
  1611 | D:3      | Slain by an orc

Action                   || total
-------------------------++-------
Melee: Unarmed           ||   130
  Eat: Chunk             ||     9
